 Dungeon Crawl Stone Soup version 0.31-a0-819-gf6de2f5ab6 (webtiles) character file.

Game seed: 17942495607268431642

8 qw the Shooter (level 2, -1/17 HPs)
             Began as a Gargoyle Hunter on Sept 23, 2023.
             Slain by a worm (3 damage)
             ... on level 2 of the Dungeon.
             The game lasted 00:00:06 (245 turns).

qw the Shooter (Gargoyle Hunter)                     Turns: 245, Time: 00:00:06

Health: -1/17      AC:  5    Str: 14    XL:     2   Next: 8%
Magic:  2/2        EV: 11    Int:  9    God:
Gold:   9          SH:  0    Dex: 13    Spells: 1/1 levels left

rFire   . . .        a - +0 shortbow
rCold   . . .        (shield currently unavailable)
rNeg    + . .        c - +0 leather armour
rPois   inf          (no helmet)
rElec   +            (no cloak)
rCorr   .            (no gloves)
SInv    .            (no boots)
Will    .....        (no amulet)
Stlth   +            (no ring)
HPRegen 0.22/turn    (no ring)
MPRegen 0.08/turn

%: no passive effects
@: no status effects
A: sickness immunity, AC +2, negative energy resistance 1, electricity
resistance, torment resistance 1, petrification resistance
a: no special abilities


You were on level 2 of the Dungeon.
You visited 1 branch of the dungeon, and saw 2 of its levels.

You collected 9 gold pieces.


Innate Abilities, Weirdness & Mutations

You are immune to sickness and miasma.
Your stone body is resilient. (AC +2)
You are immune to poison.
You resist negative energy. (rN+)
You are resistant to electric shocks. (rElec)
You are resistant to unholy torment.
You are immune to petrification.


   Skills:
 - Level 2.1 Fighting
 + Level 4.4 Ranged Weapons
 - Level 1.5 Dodging
 - Level 1.1 Stealth


You had one spell level left.
You didn't know any spells.
Your spell library was empty.

Inventory:

Hand Weapons
 a - a +0 shortbow (weapon)
Armour
 c - a +0 leather armour (worn)
Scrolls
 b - a scroll of butterflies
Potions
 d - a potion of berserk rage {unknown}

Dungeon Overview and Level Annotations

Branches:
Dungeon (1/15)

Altars:

Annotations:
D:2 1 runed translucent door, Crazy Yiuf


Message History

Found a blue potion.
You shoot an arrow. The arrow hits the worm.
The worm is moderately wounded.
The endoplasm quivers.
A bat comes into view.
You shoot an arrow. The arrow closely misses the bat.
The bat hits you but does no damage.
You shoot an arrow. The arrow hits the worm.
The worm is moderately wounded.
The bat barely misses you.
You shoot an arrow. The arrow hits the bat.
The bat is moderately wounded.
The bat barely misses you. The bat closely misses you.
You shoot an arrow.
The arrow hits the bat but does no damage.
The bat is moderately wounded.
The bat barely misses you.
The endoplasm hits you but does no damage.
The bat hits you but does no damage.
The endoplasm hits you but does no damage.
You shoot an arrow. The arrow hits the bat.
You kill the bat!
The endoplasm hits you.
You shoot an arrow. The arrow hits the worm.
The worm is lightly wounded.
The endoplasm hits you but does no damage.
The worm closely misses you.
You shoot an arrow. The arrow hits the worm.
The worm is lightly wounded.
The endoplasm closely misses you. The worm bites you!
Ouch! That really hurt!
You shoot an arrow. The arrow barely misses the worm.
The endoplasm freezes you.
You are frozen.
The endoplasm freezes you.
You are frozen.
You shoot an arrow. The arrow hits the worm.
The worm is moderately wounded.
The worm bites you.
You die...

..##.. .......##
......##. #.....#..
#..##.#..## ...##
#..#..##!!##
......##......##Jw#
..........##....@.#
..)..........##..##
#.#######.##..####
#.# #.##.....
..#######'##.#####
.............#
.............#
......########
##....#


You could see a worm and an endoplasm.

Vanquished Creatures
  2 ball pythons (D:2)
  An endoplasm (D:2)
  2 quokkas
  2 bats
  A frilled lizard (D:2)
8 creatures vanquished.

Notes
Turn   | Place    | Note
-------+----------+-------------------------------------------
     0 | D:1      | qw the Gargoyle Hunter began the quest for the Orb.
     0 | D:1      | Reached XP level 1. HP: 12/12 MP: 1/1
     0 | D:1      | 0 ||| qw: Version: 0.3-a-83-gcd0e7d8
     0 | D:1      | 0 ||| qw: Game counter: 1419
     0 | D:1      | 0 ||| qw: Melee chars always use a shield: true
     0 | D:1      | 0 ||| qw: God list: Okawaru
     0 | D:1      | 0 ||| qw: Allow faded altars: false
     0 | D:1      | 0 ||| qw: Do Orc after clearing Dungeon:15 true
     0 | D:1      | 0 ||| qw: Do second Lair branch before Depths: true
     0 | D:1      | 0 ||| qw: Lair rune preference: random
     0 | D:1      | 0 ||| qw: Goals: Normal
     0 | D:1      | 0 ||| PLANNING D:1-11
    75 | D:1      | You fall into a shaft and drop 1 floor!
   201 | D:2      | Found a runed translucent door.
   202 | D:2      | Noticed Crazy Yiuf
   232 | D:2      | Reached XP level 2. HP: 17/17 MP: 2/2
   244 | D:2      | HP: 2/17 [frozen (4)]
   245 | D:2      | Slain by a worm

Levels and vault maps discovered:
D:1:      onia_arrival_mini_spirals, layout_rooms, serial_shops, shop
D:2:      wad_river_or_something, layout_basic, basic_altar,
          minmay_close_crescents, uniq_crazy_yiuf_cottage

Action                     || total
---------------------------++-------
   Fire: Shortbow          ||    28
 Armour: Leather armour    ||    12
  Dodge: Dodged            ||    10

Table legend:
 A = Non-vault XP
 B = Vault XP
 C = Vault XP percentage of total XP
 D = Non-vault monster count
 E = Vault monster count
 F = Vault count percentage of total count
                 A         B        C        D         E       F
            +---------+---------+-------+---------+---------+-------
      Total |       9 |       3 |  25.0 |       6 |       2 |  25.0
            +---------+---------+-------+---------+---------+-------
        D:1 |       3 |       0 |   0.0 |       2 |       0 |   0.0
        D:2 |       6 |       3 |  33.3 |       4 |       2 |  33.3
            +---------+---------+-------+---------+---------+-------
